 Dungeon Crawl Stone Soup version 0.29.1-1-gd02db6906a (webtiles) character file.

Game seed: 11792491793166873874

308 sleeves the Sneak (level 6, -5/32 HPs)
             Began as a Spriggan Berserker on Sept 30, 2022.
             Was a Priest of Trog.
             Slain by a mummy (18 damage)
             ... in an ossuary.
             The game lasted 00:09:42 (4213 turns).

sleeves the Sneak (Spriggan Berserker)              Turns: 4213, Time: 00:09:43

Health: -5/32      AC:  2    Str: 13    XL:     6   Next: 17%
Magic:  7/7        EV: 18    Int:  8    God:    Trog [***...]
Gold:   103        SH:  0    Dex: 17    Spells: 5/5 levels left

rFire   . . .      SeeInvis +   q - +1 whip (holy)
rCold   . . .      Faith    .   (no shield)
rNeg    . . .      Spirit   .   k - +0 animal skin
rPois   .          Reflect  .   (helmet restricted)
rElec   .          Harm     .   (no cloak)
rCorr   .          Rampage  .   (gloves unavailable)
Will    +....                   (boots unavailable)
Stlth   ++++......              (no amulet)
HPRegen 0.10/turn               (no ring)
MPRegen 0.10/turn               (no ring)

@: very quick
A: very small, no large weapons, unfitting armour, see invisible, speed 3
a: Renounce Religion, Berserk, Trog's Hand


You were in an ossuary.
You worshipped Trog.
Trog was most pleased with you.
You visited 1 branch of the dungeon, and saw 4 of its levels.
You also visited: Ossuary.

You collected 103 gold pieces.

Inventory:

Hand Weapons
 a - a +0 falchion
 b - a +0 dagger of draining
   (You took it off Jessica on level 2 of the Dungeon)
 q - a +1 whip of holy wrath (weapon)
   (You took it off an orc on level 4 of the Dungeon)
Missiles
 c - a throwing net (quivered)
Armour
 k - a +0 animal skin (worn)
 o - a scarf of harm
   (You found it on level 4 of the Dungeon)
Wands
 f - a wand of flame (4)
   (You took it off Robin on level 3 of the Dungeon)
 n - a wand of quicksilver (10)
   (You found it on level 4 of the Dungeon)
Scrolls
 g - 2 scrolls of identify {unknown}
 h - a scroll of noise {unknown}
 j - a scroll of magic mapping {unknown}
Potions
 d - 3 potions of degeneration {unknown}
 e - 2 potions of curing {unknown}
 i - 2 potions of resistance {unknown}
 l - 2 potions of heal wounds {unknown}
 m - a potion of attraction {unknown}
 p - a potion of might {unknown}
 r - a potion of mutation {unknown}


   Skills:
 - Level 2.4 Fighting
 + Level 4.4 Long Blades
 - Level 4.0 Dodging
 + Level 6.7 Stealth


You had 5 spell levels left.
You didn't know any spells.
Your spell library was empty.

Dungeon Overview and Level Annotations

Branches:
Dungeon (4/15)            Ossuary (1/1)
 Temple: D:4-7

Altars:

Shops:
D:1 ?

Annotations:
D:2 1 runed translucent door, Crazy Yiuf, Sigmund


Innate Abilities, Weirdness & Mutations

You are very small and have problems with some larger weapons.
You are too small for most types of armour.
You have supernaturally acute eyesight. (SInv)
You cover ground extremely quickly. (Speed+++)


Message History

The goblin shouts!
The goblin hits you with a +0 dagger.
You hit the goblin but do no damage. You drain the goblin.
The goblin is severely wounded.
You hit the goblin but do no damage.
The goblin is severely wounded.
The goblin closely misses you.
You hit the goblin.
You kill the goblin!
Trog accepts your kill.
Found a stone staircase leading down.
A hobgoblin comes into view.
A hobgoblin is nearby!
The hobgoblin shouts!
You closely miss the hobgoblin. The hobgoblin hits you.
You barely miss the hobgoblin. The hobgoblin completely misses you.
You hit the hobgoblin. You drain the hobgoblin.
The hobgoblin is heavily wounded.
The hobgoblin barely misses you.
You closely miss the hobgoblin.
The hobgoblin is heavily wounded.
The hobgoblin closely misses you.
You hit the hobgoblin but do no damage.
The hobgoblin is heavily wounded.
The hobgoblin closely misses you.
You hit the hobgoblin but do no damage.
The hobgoblin is heavily wounded.
The hobgoblin barely misses you.
You closely miss the hobgoblin.
The hobgoblin is heavily wounded.
The hobgoblin barely misses you.
You hit the hobgoblin.
The hobgoblin is severely wounded.
You closely miss the hobgoblin.
The hobgoblin is severely wounded.
The hobgoblin hits you.
You hit the hobgoblin but do no damage. You drain the hobgoblin.
You kill the hobgoblin!
Trog accepts your kill.
No target in view!
No target in view!
Things that are here:
a +0 scale mail; a +0 short sword You now have 34 gold pieces (gained 7).
An endoplasm comes into view.
An endoplasm is nearby!
An endoplasm is nearby!
Found a stone staircase leading up.
A kobold comes into view. It is wielding a +0 dagger.
The helpless endoplasm fails to defend itself.
You impale the endoplasm!!
You kill the endoplasm!
Trog accepts your kill.
The kobold shouts!
The kobold completely misses you.
You hit the kobold but do no damage. The kobold hits you with a +0 dagger.
You hit the kobold.
The kobold is severely wounded.
The kobold hits you with a +0 dagger.
You hit the kobold but do no damage. You drain the kobold.
You kill the kobold!
Trog accepts your kill.
No target in view!
Things that are here:
a +0 dagger; a kobold corpse An endoplasm comes into view.
An endoplasm is nearby!
An endoplasm is nearby!
A hobgoblin comes into view.
The endoplasm quivers.
The hobgoblin shouts!
The endoplasm freezes you.
You are frozen.
You hit the endoplasm but do no damage. You drain the endoplasm.
The endoplasm is moderately wounded.
You hit the endoplasm.
You kill the endoplasm!
Trog accepts your kill.
You hit the hobgoblin. You drain the hobgoblin.
You kill the hobgoblin!
Trog accepts your kill.
No target in view!
You see here a hobgoblin corpse.
An orc comes into view. It is wielding a +0 short sword.
An orc is nearby!
An orc is nearby!
The helpless orc fails to defend itself.
You impale the orc!!
You kill the orc!
Trog accepts your kill.
A kobold comes into view. It is wielding a +0 short sword.
Things that are here:
a +0 short sword; a +0 ring mail; an orc corpse A kobold is nearby!
A kobold is nearby!
The kobold shouts!
You closely miss the kobold. The kobold closely misses you.
You hit the kobold but do no damage. You barely miss the kobold.
The kobold closely misses you.
Sigmund the Dreaded comes into view.
He is wielding a +0 scythe.
You closely miss the kobold. The kobold misses you.
You hit the kobold.
The kobold is moderately wounded.
The kobold completely misses you.
Sigmund mumbles some strange words.
Sigmund flickers and vanishes for a moment.
The kobold throws a stone.
The stone barely misses you.
There is a stone staircase leading up here.
The kobold throws a stone.
The stone completely misses you.
The kobold throws a stone.
The stone barely misses you. The kobold closely misses you.
You climb upwards.
There is a stone staircase leading down here.
You closely miss the kobold.
The kobold is moderately wounded.
The kobold completely misses you.
You hit the kobold but do no damage. You drain the kobold.
You kill the kobold!
Trog accepts your kill.
No target in view!
No target in view!
No target in view!
No target in view!
No target in view!
No target in view!
No target in view!
No target in view!
No target in view!
There is an open door here.
You enter the shallow water.
Moving in this stuff is going to be slow.
You enter the shallow water.
Moving in this stuff is going to be slow.
You enter the shallow water.
Moving in this stuff is going to be slow.
There is a stone staircase leading down here.
You climb downwards.
Level annotation: 1 runed translucent door, Crazy Yiuf, Sigmund
There is a stone staircase leading up here.
A bat comes into view.
Found a dagger.
A bat is nearby!
A ball python comes into view.
Found a book of Scorching.
The bat closely misses you.
The ball python hisses angrily.
The bat barely misses you.
You hit the bat.
The bat is severely wounded.
The bat closely misses you.
You hit the ball python but do no damage.
You drain the ball python.
The ball python is severely wounded.
The bat barely misses you. The ball python completely misses you.
The ball python closely misses you.
You hit the ball python.
You kill the ball python!
Trog accepts your kill. The bat hits you.
You hit the bat but do no damage. You drain the bat.
You kill the bat!
Trog accepts your kill.
No target in view!
No target in view!
HP restored.
You now have enough gold to buy a scroll of teleportation on D:1.
You can access your shopping list by pressing '$'.
You now have 39 gold pieces (gained 5).
Sigmund is nearby!
Sigmund is nearby!
Sigmund is nearby!
Things that are here:
a +0 scale mail; a +0 short sword
Things that are here:
a +0 dagger; a goblin skeleton
Found a robe.
You see here a +0 robe.
e - 2 coppery potions (gained 1)
You now have enough gold to buy a scroll of fear on D:1.
You can access your shopping list by pressing '$'.
You now have 54 gold pieces (gained 15).
There is a stone staircase leading down here.
You climb downwards.
There is a stone staircase leading up here.
Found a war axe.
You see here a +0 war axe.
A quokka comes into view.
A quokka is nearby!
The helpless quokka fails to defend itself.
You impale the quokka!!
You kill the quokka!
Trog accepts your kill.
You see here a quokka corpse.
An endoplasm comes into view.
An endoplasm is nearby!
An endoplasm is nearby!
Found 7 gold pieces and a dagger.
The helpless endoplasm fails to defend itself.
You impale the endoplasm!!
You kill the endoplasm!
Trog accepts your kill.
No target in view!
You now have 61 gold pieces (gained 7).
Found a stone staircase leading down.
Found a leather armour.
Found 7 stones.
Found a helmet and 6 stones.
You see here 7 stones.
l - 2 glowing orange potions You open the door.
There is an open door here.
A kobold comes into view. It is wielding a +0 club.
Found 9 gold pieces.
The kobold shouts!
You hit the kobold. You drain the kobold.
You kill the kobold!
Trog accepts your kill.
No target in view!
No target in view!
Things that are here:
a +0 club; 4 stones You now have 70 gold pieces (gained 9).
You open the door.
There is an open door here.
You open the door.
There is an open door here.
You open the door.
There is an open door here.
You open the door.
There is an open door here.
You see here a staff of poison.
Found a stone staircase leading down.
An endoplasm comes into view.
An endoplasm comes into view.
The helpless endoplasm fails to defend itself.
You impale the endoplasm!!
You kill the endoplasm!
Trog accepts your kill.
The helpless endoplasm fails to defend itself.
You impale the endoplasm!!
You kill the endoplasm!
Trog accepts your kill.
A goblin comes into view. It is wielding a +0 dagger.
A goblin is nearby!
A goblin is nearby!
A goblin comes into view.
It is wielding a +0 club. 3 hobgoblins come into view.
Robin and 2 goblins come into view.
Robin is wielding a +0 short sword and carrying a wand of flame (14).
The hobgoblin shouts! x2; You hear a shout!
Robin roars a battlecry!
The goblins go into a battle-frenzy!
You hear a shout!
The goblin no longer looks unusually strong.
The goblin shouts!
You hear a shout! x2
You hit the goblin. You drain the goblin.
You kill the goblin!
Trog accepts your kill.
You see here a +0 dagger.
You hit the goblin but do no damage. You drain the goblin.
The goblin is severely wounded.
The goblin closely misses you.
You barely miss the goblin.
The goblin is severely wounded.
You hit the goblin but do no damage. You drain the goblin.
You kill the goblin!
Trog accepts your kill.
No target in view!
You see here a +0 club.
You now have 78 gold pieces (gained 8).
Found a stone staircase leading up.
g - 2 scrolls labelled ZECVIA VAFURA (gained 1)
A hobgoblin comes into view.
No target in view!
The hobgoblin shouts!
The goblin shouts!
You hear a shout!
A goblin comes into view. It is wielding a +0 dagger.
You hit the hobgoblin.
The hobgoblin is heavily wounded.
The hobgoblin closely misses you.
You hit the hobgoblin. You drain the hobgoblin.
You kill the hobgoblin!
Trog accepts your kill.
You hit the hobgoblin but do no damage. The hobgoblin closely misses you.
You closely miss the hobgoblin. The hobgoblin misses you.
You hit the hobgoblin. You drain the hobgoblin.
You kill the hobgoblin!
Trog accepts your kill.
You hit the goblin.
The goblin is heavily wounded.
The goblin closely misses you.
You barely miss the goblin.
The goblin is heavily wounded.
You hit the goblin.
You kill the goblin!
Trog accepts your kill.
Things that are here:
a +0 dagger; a hobgoblin corpse A goblin comes into view.
It is wielding a +0 club.
A goblin is nearby!
A goblin is nearby!
The hobgoblin shouts!
You hear a shout! x2
You hit the hobgoblin but do no damage. The hobgoblin closely misses you.
You closely miss the hobgoblin. The hobgoblin closely misses you.
You closely miss the hobgoblin. The hobgoblin hits you.
You barely miss the hobgoblin. The hobgoblin completely misses you.
The goblin shouts!
You hit the hobgoblin.
The hobgoblin is moderately wounded.
You barely miss the hobgoblin.
The hobgoblin is moderately wounded.
The hobgoblin hits you.
You closely miss the hobgoblin.
The hobgoblin is moderately wounded.
The hobgoblin completely misses you.
Things that are here:
a +0 dagger; a hobgoblin corpse You closely miss the hobgoblin.
The hobgoblin misses you.
You hit the hobgoblin but do no damage. You drain the hobgoblin.
The hobgoblin is heavily wounded.
The hobgoblin misses you.
You hit the hobgoblin.
The hobgoblin is severely wounded.
You hit the hobgoblin but do no damage. You drain the hobgoblin.
You kill the hobgoblin!
Trog accepts your kill.
Robin is nearby!
You aren't carrying any items that you can evoke.
Robin zaps a wand.
The puff of flame hits you.
You barely miss the goblin. The goblin completely misses you.
You hit the goblin.
The goblin is severely wounded.
The goblin hits you with a +0 dagger.
You barely miss the goblin.
The goblin is severely wounded.
The goblin hits you but does no damage.
You hit the goblin.
You kill the goblin!
Trog accepts your kill.
As you read the scroll labelled OFOUQA LIRAE, it crumbles to dust.
You feel strangely unstable.
It was a scroll of teleportation.
You closely miss the hobgoblin. The hobgoblin closely misses you.
You closely miss the hobgoblin. The hobgoblin closely misses you.
You hit the hobgoblin but do no damage.
The hobgoblin hits you but does no damage.
You closely miss the hobgoblin. The hobgoblin misses you.
You hit the hobgoblin but do no damage. You drain the hobgoblin.
The hobgoblin is severely wounded.
Your surroundings suddenly seem different.
HP restored.
A bat comes into view.
A bat is nearby!
A bat is nearby!
Found 7 stones.
The helpless bat fails to defend itself.
You impale the bat!!
You kill the bat!
Trog accepts your kill.
No target in view!
No target in view!
Found a short sword.
You see here 7 stones.
You see here a +0 short sword.
Found a stone staircase leading up.
You see here a +0 short sword.
There is an open door here.
A rat comes into view.
A rat is nearby!
You see here a +0 leather armour.
A ball python comes into view.
The ball python hisses angrily.
You hit the rat. Your punch misses the rat.
The rat is heavily wounded.
The rat misses you.
You hit the rat.
You kill the rat!
Trog accepts your kill.
An endoplasm comes into view.
You hit the ball python but do no damage.
You drain the ball python.
You kill the ball python!
Trog accepts your kill.
The helpless endoplasm fails to defend itself.
You impale the endoplasm!!
You kill the endoplasm!
Trog accepts your kill.
A rat comes into view.
A rat is nearby!
A rat is nearby!
A ball python comes into view.
A kobold comes into view.
It is wielding a +0 whip of electrocution.
The rat closely misses you.
You hit the rat but do no damage. You hit the rat.
You kill the rat!
Trog accepts your kill.
The helpless ball python fails to defend itself.
You impale the ball python!!
You kill the ball python!
Trog accepts your kill.
The kobold shouts!
You hit the kobold but do no damage. The kobold misses you.
You hit the kobold. You drain the kobold.
You kill the kobold!
Trog accepts your kill.
No target in view!
You see here a +0 whip of electrocution.
f - a +0 whip of electrocution You drop a +0 whip of electrocution.
Found a stone staircase leading down.
There is a stone staircase leading down here.
d - 3 metallic dark potions (gained 1)
There is an open door here.
There is an open door here. 3 kobolds come into view.
A kobold is wielding a +0 dagger and quivering poisoned darts.
Found a gold piece and a rat skeleton.
The kobold shouts! x2; You hear a shout!
The kobold shouts!
You hear an angry hiss.
The kobold moves out of view. x2
A kobold is nearby! 2 kobolds come into view.
Found two rat skeletons.
The kobold shouts!
The kobold shouts!
You hit the kobold.
You kill the kobold!
Trog accepts your kill.
You hit the kobold but do no damage. You drain the kobold.
The kobold is severely wounded.
The kobold closely misses you.
You barely miss the kobold.
The kobold is severely wounded.
The kobold hits you with a +0 club.
The kobold hits something but does no damage.
You hit the kobold but do no damage. You drain the kobold.
You kill the kobold!
Trog accepts your kill.
The kobold hits the bush but does no damage.
You hit the kobold but do no damage. You drain the kobold.
You kill the kobold!
Trog accepts your kill. The kobold closely misses you.
The kobold hits something but does no damage.
Things that are here:
a +0 club; a kobold corpse You closely miss the kobold.
The kobold barely misses you.
The kobold hits something but does no damage.
You hit the kobold but do no damage. You drain the kobold.
You kill the kobold!
Trog accepts your kill.
A frilled lizard comes into view.
The kobold closely misses you.
Items here: ( )) †.
The frilled lizard hisses angrily.
You hit the kobold.
The kobold is moderately wounded.
The kobold hits you with a +0 dagger.
You hit the kobold but do no damage.
The kobold is moderately wounded.
A rat comes into view.
The kobold hits you with a +0 dagger.
You hit the kobold. You drain the kobold.
You kill the kobold!
Trog accepts your kill.
Things that are here:
a +0 dagger; 5 stones A nearby plant withers and dies.
The frilled lizard closely misses you.
Things that are here:
a +0 dagger; 2 poisoned darts; a kobold corpse You hit the frilled lizard.
The frilled lizard is heavily wounded.
The frilled lizard bites you.
You are too injured to fight recklessly!
You are too injured to fight recklessly!
You are too injured to fight recklessly!
You are too injured to fight recklessly!
You are too injured to fight recklessly!
You hit the frilled lizard.
You kill the frilled lizard!
Trog accepts your kill.
You swing at nothing.
You hit the rat.
You kill the rat!
Trog accepts your kill.
You swing at nothing.
Something bites the bush but does no damage.
A frilled lizard comes into view.
You are too injured to fight recklessly!
You are too injured to fight recklessly!
You are too injured to fight recklessly!
Things that are here:
a +0 dagger; 5 stones
Items here: ( )) †.
Things that are here:
a +0 club; a kobold corpse You start resting.
A frilled lizard is nearby!
Things that are here:
a +0 club; a kobold corpse You barely miss the frilled lizard.
The frilled lizard hisses angrily.
The frilled lizard completely misses you.
You hit the frilled lizard.
You kill the frilled lizard!
Trog accepts your kill.
No target in view!
HP restored.
Items here: ( )) †.
Things that are here:
a +0 dagger; 5 stones You now have 79 gold pieces (gained 1).
You see here a rat skeleton.
You see here a rat skeleton.
You see here a rat corpse.
Things that are here:
a +0 dagger; 2 poisoned darts; a kobold corpse
Things that are here:
a +0 dagger; 5 stones
Items here: ( )) †.
Things that are here:
a +0 club; a kobold corpse Key pressed, stopping explore.
Found a quarterstaff.
You see here a +0 war axe.
There is a stone staircase leading up here.
Things that are here:
a +0 club; a kobold skeleton
Items here: ( )) ÷.
Things that are here:
a +0 dagger; 5 stones Partly explored, can't reach some places.
Partly explored, can't reach some places.
Partly explored, can't reach some places.
Partly explored, can't reach some places.
Partly explored, can't reach some places.
You see here a rat skeleton.
Things that are here:
a +0 dagger; 2 poisoned darts; a kobold skeleton
Things that are here:
a +0 dagger; 5 stones
Items here: ( )) ÷.
Things that are here:
a +0 club; a kobold skeleton The goblin shouts!
Robin shouts!
You hear a shout!
The goblin unwields a +0 club.
The goblin wields a +0 sling.
The goblin shoots a sling bullet.
The sling bullet misses you.
The goblin shouts!
Robin says, "Duck!"
Robin throws the goblin at you! The goblin barely misses you.
You closely miss the goblin.
The goblin shoots a sling bullet.
The sling bullet misses you. Robin throws the goblin at you!
The goblin hits you with a +0 club.
The goblin unwields a +0 sling.
The goblin wields a +0 club.
The goblin hits you with a +0 club.
You hit the goblin. You drain the goblin.
You kill the goblin!
Trog accepts your kill. The goblin completely misses you.
The goblin closely misses you.
Things that are here:
a +0 club; a +0 sling; a goblin corpse Robin roars a battlecry!
The goblins go into a battle-frenzy!
You start resting.
A goblin is nearby!
You start resting.
A goblin is nearby!
You hit the goblin but do no damage. You punch the goblin.
You kill the goblin!
Trog accepts your kill.
You see here a +0 club.
Robin shouts!
Press: ? - help, v - describe, . - travel
Here: Robin, wielding a +0 short sword, wearing a +0 animal skin, wearing a +0 helmet and carrying a wand of flame (13)
The floor.
You start resting.
Robin is nearby!
Robin misses you.
The hobgoblin shouts!
You hit Robin but do no damage. You drain Robin.
Robin is lightly wounded.
You hit Robin. You drain Robin.
Robin is heavily wounded.
You hit Robin but do no damage.
Robin is heavily wounded.
Robin zaps a wand.
The puff of flame hits you.
You barely miss Robin.
Robin is heavily wounded.
Robin roars a battlecry!
The hobgoblin goes into a battle-frenzy!
You hit Robin but do no damage. You drain Robin.
Robin is heavily wounded.
You hit Robin. You drain Robin.
You kill Robin!
Trog accepts your kill.
Your Stealth skill increases to level 5!
You hit the hobgoblin but do no damage. You drain the hobgoblin.
The hobgoblin is heavily wounded.
The hobgoblin closely misses you.
You hit the hobgoblin but do no damage. You drain the hobgoblin.
The hobgoblin is almost dead.
The hobgoblin misses you.
You hit the hobgoblin.
You kill the hobgoblin!
Trog accepts your kill.
f - a wand of flame (12);
m - a smoky red potion
Things that are here:
a +0 short sword; a +0 animal skin; a +0 helmet HP restored.
Partly explored, can't reach some places.
Partly explored, can't reach some places.
Partly explored, can't reach some places.
Partly explored, can't reach some places.
(D) Dungeon
Where to? (Enter - D:3 @ (x,y), ? - help)
There is a stone staircase leading down here.
You climb downwards.
You hear the hiss of flowing sand.
There is an entrance to an ossuary on this level.
Hurry and find it before the portal is buried!
There is a stone staircase leading up here.
Found a pair of translucent boots.
The helpless white imp fails to defend itself.
You impale the white imp!!
You kill the white imp!
Trog accepts your kill.
You have reached level 5!
You feel agile.
The hobgoblin shouts!
There is a stone staircase leading up here.
The hobgoblin barely misses you.
You climb upwards.
There is a stone staircase leading down here.
You barely miss the hobgoblin. The hobgoblin hits you.
You barely miss the hobgoblin. The hobgoblin hits you.
You hit the hobgoblin but do no damage. You hit the hobgoblin.
The hobgoblin is heavily wounded.
The hobgoblin misses you.
You closely miss the hobgoblin.
The hobgoblin is heavily wounded.
The hobgoblin misses you.
You hit the hobgoblin but do no damage. You drain the hobgoblin.
You kill the hobgoblin!
Trog accepts your kill.
No target in view!
No target in view!
There is an open door here.
There is a stone staircase leading down here.
You climb downwards.
You hear the hiss of flowing sand.
There is an entrance to an ossuary on this level.
Hurry and find it before the portal is buried!
Found an iron wand and 6 gold pieces.
There is a stone staircase leading up here.
The helpless ogre fails to defend itself.
You impale the ogre!!
You kill the ogre!
Trog accepts your kill.
Your Long Blades skill increases to level 4!
Your Stealth skill increases to level 6!
You hear the slow hiss of a distant avalanche of sand.
HP restored.
n - a wand of quicksilver (10)
You now have 85 gold pieces (gained 6).
You hear the slow hiss of a very distant avalanche of sand.
A hobgoblin comes into view.
A hobgoblin is nearby!
Found 3 stones.
The hobgoblin shouts!
You hit the hobgoblin.
The hobgoblin is heavily wounded.
The hobgoblin closely misses you.
You hit the hobgoblin.
You kill the hobgoblin!
Trog accepts your kill.
No target in view!
You see here a hobgoblin corpse.
An ufetubus comes into view.
An ufetubus is nearby!
An ufetubus is nearby!
The ufetubus shouts!
The ufetubus misses you. The ufetubus completely misses you.
You barely miss the ufetubus. Your punch misses the ufetubus.
The ufetubus completely misses you. x2; The ufetubus hits you. x2
You hit the ufetubus.
The ufetubus is heavily wounded.
The ufetubus misses you. x2
You hit the ufetubus.
You kill the ufetubus!
Trog accepts your kill.
No target in view!
You hear the slow hiss of an avalanche of sand nearby.
An orc comes into view. It is wielding a +1 whip of holy wrath.
An orc is nearby!
An orc is nearby!
The orc shouts!
You hit the orc but do no damage. You drain the orc.
The orc is heavily wounded.
The orc barely misses you.
You hit the orc but do no damage.
The orc is heavily wounded.
The orc completely misses you.
You barely miss the orc. Your punch misses the orc.
The orc is heavily wounded.
The orc hits you but does no damage.
You barely miss the orc.
The orc is heavily wounded.
You hit the orc.
The orc is almost dead.
The orc barely misses you.
You hit the orc but do no damage.
The orc is almost dead.
The orc closely misses you.
You completely miss the orc.
The orc is almost dead.
The orc misses you.
You hit the orc.
You kill the orc!
Trog accepts your kill.
No target in view!
You hear the slow hiss of an avalanche of sand very nearby.
Things that are here:
a +1 whip of holy wrath; a +0 ring mail; an orc corpse You open the door.
A goblin comes into view. It is wielding a +0 dagger.
The goblin shouts!
The goblin unwields a +0 dagger.
The goblin wields a +0 sling.
The goblin shoots a sling bullet.
The sling bullet closely misses you.
Found 18 gold pieces.
You close the door.
You start waiting.
A goblin opens the door.
It is wielding a +0 sling.
The goblin unwields a +0 sling.
The goblin wields a +0 dagger.
The goblin barely misses you.
There is a broken door here.
You hit the goblin. You drain the goblin.
You kill the goblin!
Trog accepts your kill.
Found 4 stones, an embroidered scarf and a viscous brown potion.
Things that are here:
a +0 dagger; a +0 sling
o - a scarf of harm
p - a viscous brown potion
Found a short sword.
You see here 4 stones.
Found an amulet of magic regeneration.
You now have enough gold to buy a scroll of enchant armour on D:1.
You can access your shopping list by pressing '$'.
You now have 103 gold pieces (gained 18).
Found an escape hatch in the floor.
q - an amulet of magic regeneration You drop an amulet of magic regeneration.
You open the door.
Found a club.
There is an open door here.
There is a broken door here.
You open the door.
There is an open door here.
A kobold comes into view. It is wielding a +0 dagger.
The kobold shouts!
The kobold misses you.
You hit the kobold.
The kobold is moderately wounded.
The kobold completely misses you.
You completely miss the kobold.
The kobold is moderately wounded.
The kobold hits you with a +0 dagger.
You hit the kobold but do no damage. You drain the kobold.
You kill the kobold!
Trog accepts your kill.
You open the door.
You hear the slow hiss of a distant avalanche of sand.
There is an open door here.
There is an open door here.
There is an open door here.
Found a robe.
HP restored.
An iguana comes into view.
An iguana is nearby!
Press: ? - help, v - describe, . - travel A rock wall.
Things that are here:
a +1 whip of holy wrath; a +0 ring mail; an orc corpse
q - a +1 whip of holy wrath Your +1 whip of holy wrath softly glows with a divine radiance!
q - a +1 whip of holy wrath (weapon)
You swing at nothing.
You swing at nothing.
You swing at nothing.
Okay, then.
An iguana is nearby!
Your +1 whip of holy wrath stops glowing.
You sense an unholy aura.
b - a +0 dagger of draining (weapon)
The iguana barely misses you.
You hit the iguana but do no damage. You drain the iguana.
You punch the iguana.
The iguana is moderately wounded.
The iguana barely misses you.
You hit the iguana but do no damage. You drain the iguana.
The iguana is moderately wounded.
You hit the iguana but do no damage.
The iguana is moderately wounded.
The iguana closely misses you.
You closely miss the iguana.
The iguana is moderately wounded.
The iguana misses you.
You hit the iguana but do no damage. You drain the iguana.
The iguana is heavily wounded.
You hear the hiss of an avalanche of sand.
The iguana bites you.
You hit the iguana.
The iguana is heavily wounded.
The iguana barely misses you.
You closely miss the iguana.
The iguana is heavily wounded.
The iguana misses you.
You hit the iguana but do no damage. You drain the iguana.
The iguana is severely wounded.
You barely miss the iguana.
The iguana is severely wounded.
The iguana misses you.
You hit the iguana but do no damage. You drain the iguana.
The iguana is almost dead.
The iguana closely misses you.
You hit the iguana but do no damage. You drain the iguana.
You kill the iguana!
Trog accepts your kill.
You open the door.
There is an open door here.
There is an open door here.
A dart slug comes into view.
Found a smoky white potion.
The dart slug moves out of view.
r - a smoky white potion You hear the hiss of an avalanche of sand very nearby.
You open the door.
There is an open door here.
Found 5 stones.
A dart slug is nearby!
A dart slug is nearby!
You hit the dart slug. You drain the dart slug.
The dart slug is heavily wounded.
You hit the dart slug but do no damage. You drain the dart slug.
The dart slug is severely wounded.
The dart slug barely misses you.
You hit the dart slug.
You kill the dart slug!
Trog accepts your kill.
No target in view!
Found a sand-covered staircase.
There is an empty arch of ancient stone here.
There is a sand-covered staircase here.
The world spins around you as you enter the gateway.
You enter an ossuary!
Found a gate leading back out of this place.
There is an empty arch of ancient stone here.
Your +1 whip of holy wrath softly glows with a divine radiance!
q - a +1 whip of holy wrath (weapon)
2 orc zombies, a kobold zombie, a gnoll zombie and 2 hobgoblin zombies come into view.
The orc zombie moves out of view. x2; The kobold zombie moves out of view.
The hobgoblin zombie moves out of view. x2
A gnoll zombie is nearby!
A gnoll zombie is nearby!
You barely miss the gnoll zombie. The gnoll zombie misses you.
You hit the gnoll zombie.
The gnoll zombie convulses.
The gnoll zombie is heavily damaged.
The gnoll zombie closely misses you.
You whack the gnoll zombie!
The gnoll zombie convulses.
You destroy the gnoll zombie!
Trog accepts your kill.
You have reached level 6!
You hit the orc zombie.
The orc zombie convulses.
You destroy the orc zombie!
Trog accepts your kill.
No target in view!
A kobold zombie and 2 mummies come into view.
There are monsters nearby!
There are monsters nearby!
A kobold zombie comes into view.
There is a gate leading back out of this place here.
Aiming: Throw Flame
Press: ? - help, Shift-Dir - straight line, f - mummy
Aim: a mummy (85% to hit)
The puff of flame hits the mummy!
The mummy is burned terribly!
The mummy is heavily damaged.
Aiming: Throw Flame
Press: ? - help, Shift-Dir - straight line, f/p - mummy
Aim: a mummy (heavily damaged, 85% to hit)
The puff of flame hits the mummy!
The mummy is burned terribly!
The mummy is almost destroyed.
Aiming: Throw Flame
Press: ? - help, Shift-Dir - straight line, f/p - mummy
Aim: a mummy (almost destroyed, 85% to hit)
The puff of flame misses the mummy.
The puff of flame misses the orc zombie.
Aiming: Throw Flame
Press: ? - help, Shift-Dir - straight line, f/p - mummy
Aim: a mummy (almost destroyed, 85% to hit)
The puff of flame hits the mummy!
The mummy is burned terribly!
You destroy the mummy!
Trog accepts your kill.
Aiming: Throw Flame
Press: ? - help, Shift-Dir - straight line, f - mummy
Aim: a mummy (85% to hit)
The puff of flame hits the mummy.
The mummy is burned terribly!
The mummy is moderately damaged.
Aiming: Throw Flame
Press: ? - help, Shift-Dir - straight line, f/p - mummy
Aim: a mummy (moderately damaged, 85% to hit)
The puff of flame misses the mummy.
Aiming: Throw Flame
Press: ? - help, Shift-Dir - straight line, f/p - mummy
Aim: a mummy (moderately damaged, 85% to hit)
The puff of flame hits the mummy!
The mummy is burned terribly!
The mummy is severely damaged.
Aiming: Throw Flame
Press: ? - help, Shift-Dir - straight line, f/p - mummy
Aim: a mummy (severely damaged, 85% to hit)
The puff of flame hits the mummy!
The mummy is burned terribly!
You destroy the mummy!
Trog accepts your kill.
You hit the orc zombie but do no damage.
The orc zombie completely misses you.
You hit the orc zombie.
The orc zombie convulses.
The orc zombie is severely damaged.
The orc zombie hits you. The kobold zombie closely misses you.
You hit the orc zombie.
You destroy the orc zombie!
Trog accepts your kill. The kobold zombie closely misses you.
You hit the kobold zombie.
The kobold zombie convulses.
You destroy the kobold zombie!
Trog accepts your kill.
No target in view!
No target in view!
HP restored.
A kobold zombie is nearby! 2 mummies come into view.
You barely miss the mummy. You hit the mummy.
The mummy convulses.
The mummy is lightly damaged.
The mummy hits you.
You barely miss the mummy.
The mummy is lightly damaged.
The mummy misses you.
You hit the mummy.
The mummy convulses.
The mummy is moderately damaged.
You barely miss the mummy.
The mummy is moderately damaged.
The mummy closely misses you.
You hit the mummy.
The mummy convulses.
The mummy is almost destroyed.
The mummy hits you.
You hit the mummy.
You destroy the mummy!
Trog accepts your kill. The hobgoblin zombie misses you.
You hit the hobgoblin zombie.
The hobgoblin zombie convulses.
You destroy the hobgoblin zombie!
Trog accepts your kill. The hobgoblin zombie misses you.
You hit the hobgoblin zombie.
The hobgoblin zombie convulses.
You destroy the hobgoblin zombie!
Trog accepts your kill.
No target in view!
You start resting.
HP restored.
You barely miss the kobold zombie. The kobold zombie closely misses you.
You barely miss the kobold zombie.
The kobold zombie completely misses you.
You barely miss the kobold zombie. The kobold zombie barely misses you.
You hit the kobold zombie.
The kobold zombie convulses.
You destroy the kobold zombie!
Trog accepts your kill.
You hit the mummy.
The mummy convulses.
The mummy is lightly damaged.
You barely miss the mummy.
The mummy is lightly damaged.
The mummy misses you.
You hit the mummy.
The mummy convulses.
The mummy is moderately damaged.
The mummy completely misses you.
You closely miss the mummy.
The mummy is moderately damaged.
You hit the mummy.
The mummy convulses.
The mummy is heavily damaged.
The mummy hits you.
You hit the mummy but do no damage.
The mummy is heavily damaged.
The mummy hits you!
* * * LOW HITPOINT WARNING * * *
You are too injured to fight recklessly!
You are too injured to fight recklessly!
You hit the mummy.
The mummy convulses.
The mummy is almost destroyed.
You closely miss the mummy.
The mummy is almost destroyed.
The mummy hits you!!
Ouch! That really hurt!
You die...

..............
............Z.
............
#........#
#......#
#....# #....#
#..M.# #..@.#
#....# #....#
#....# #....#
#.∩∩.# ######


You could see a mummy.

Vanquished Creatures
  An ogre (D:4)
  An iguana (D:4)
  Jessica (D:2)
  3 mummies (Ossuary)
  Robin (D:3)
  An adder (D:2)
  A white imp (D:4)
  An ufetubus (D:4)
  2 dart slugs
  2 orcs
  6 ball pythons
  11 endoplasms
  A gnoll zombie (Ossuary)
  11 goblins
  10 hobgoblins
  3 jackals (D:1)
  A quokka (D:3)
  7 bats
  5 frilled lizards
  2 hobgoblin zombies (Ossuary)
  13 kobolds
  2 kobold zombies (Ossuary)
  2 orc zombies (Ossuary)
  7 rats
95 creatures vanquished.

Vanquished Creatures (others)
  8 plants (D:3)
8 creatures vanquished.

Grand Total: 103 creatures vanquished

Notes
Turn   | Place    | Note
-------+----------+-------------------------------------------
     0 | D:1      | sleeves the Spriggan Berserker began the quest for the Orb.
     0 | D:1      | Reached XP level 1. HP: 11/11 MP: 2/2
   172 | D:1      | Reached skill level 1 in Stealth
   360 | D:1      | Reached XP level 2. HP: 16/16 MP: 3/3
   417 | D:1      | Reached skill level 2 in Stealth
   480 | D:1      | HP: 8/16 [goblin/+0 club (4)]
   650 | D:1      | Found Dapawiem's Magic Scroll Shoppe.
   792 | D:1      | Reached ** piety under Trog
   884 | D:1      | Reached skill level 3 in Long Blades
   897 | D:1      | Reached skill level 3 in Stealth
   897 | D:1      | CougarLife: did you get your oneandwon with that ds last
                  | night
   897 | D:1      | Reached XP level 3. HP: 19/19 MP: 4/4
   988 | D:1      | Found a faded altar of an unknown god.
  1372 | D:2      | Found a runed translucent door.
  1373 | D:2      | Noticed Crazy Yiuf
  1405 | D:2      | Noticed Jessica
  1413 | D:2      | Killed Jessica
  1427 | D:2      | Reached skill level 4 in Stealth
  1427 | D:2      | Reached XP level 4. HP: 21/23 MP: 5/5
  1779 | D:2      | Noticed Sigmund
  2386 | D:3      | Noticed Robin
  2740 | D:3      | Reached *** piety under Trog
  3395 | D:3      | Killed Robin
  3396 | D:3      | Reached skill level 5 in Stealth
  3497 | D:4      | Reached XP level 5. HP: 27/27 MP: 6/6
  3551 | D:4      | Noticed an ogre
  3553 | D:4      | Killed an ogre
  3554 | D:4      | Reached skill level 4 in Long Blades
  3554 | D:4      | Reached skill level 6 in Stealth
  4007 | D:4      | Found a sand-covered staircase.
  4014 | Ossuary  | Entered an ossuary
  4027 | Ossuary  | Reached XP level 6. HP: 32/32 MP: 7/7
  4211 | Ossuary  | HP: 13/32 [mummy (14)]
  4213 | Ossuary  | Slain by a mummy

Illustrated notes

Levels and vault maps discovered:
D:1:      psy_arrival_whirlpool, layout_basic, serial_shops,
          nicolae_shop_behind_doors, shapermc_ecumenical_altar_mp_urbaneastern
D:2:      layout_rooms, uniq_jessica, uniq_crazy_yiuf_cottage, uniq_sigmund
D:3:      layout_basic, lexackson_kobold_supper, uniq_robin
D:4:      layout_gridville, minitemple, nicolae_uskayaw_en_pointe,
          chequers_ossuary_entry_cave, grunt_ministairs_1
Ossuary:  ossuary_tomb_3

Skill      XL: |  1  2  3  4  5 |
---------------+----------------+-----
Stealth        | 1 3 4 5 6 |  6.7
Long Blades    | 3 4 |  4.4
Fighting       | |  2.4
Dodging        | |  4.0

Action                   |  1- 3 |  4- 6 || total
-------------------------+-------+-------++-------
Melee: Falchion          |    64 |       ||    64
       Dagger            |     6 |   146 ||   152
       Punch             |       |     2 ||     2
       Whip              |       |    29 ||    29
Evoke: Wand              |       |     8 ||     8
  Use: Scroll            |       |     1 ||     1
 Stab: Sleeping          |     4 |    11 ||    15
Armor: Animal skin       |     8 |     4 ||    12
Dodge: Dodged            |    46 |    97 ||   143
